 Dungeon Crawl Stone Soup version 0.31-a0-1338-gb567cfdca4 (webtiles) character file.

Game seed: 11149756356461210291

116 jasper the Grave Robber (level 4, -20/30 HPs)
             Began as a Mummy Necromancer on Dec 22, 2023.
             Demolished by an ogre
             ... wielding a +0 giant spiked club
              (34 damage)
             ... on level 3 of the Dungeon.
             The game lasted 00:04:10 (2742 turns).

jasper the Grave Robber (Mummy Necromancer)         Turns: 2742, Time: 00:04:11

Health: -20/30     AC: 12    Str: 11    XL:     4   Next: 70%
Magic:  2/8        EV:  8    Int: 16    God:
Gold:   149        SH:  0    Dex: 12    Spells: 1/9 levels left

rFire   x . .        h - +0 spear (venom)
rCold   + . .        (no shield)
rNeg    + + +        i - +6 scale mail of Lair {rElec}
rPois   ∞            (no helmet)
rElec   +            (no cloak)
rCorr   .            (no gloves)
SInv    .            (no boots)
Will    .....        (no amulet) Stlth
                     g - ring of flight
HPRegen 0.25/turn    (no ring)
MPRegen 0.11/turn

%: faith
@: flying
A: cold resistance 1, negative energy resistance 3, torment resistance 2, heat
vulnerability 1, in touch with death 1, no potions, faith
a: no special abilities


You were on level 3 of the Dungeon.
You visited 1 branch of the dungeon, and saw 4 of its levels.

You collected 149 gold pieces.

Inventory:

Hand Weapons
 c - a +1 war axe of flaming
 d - a +0 dagger
 h - a +0 spear of venom (weapon)
Missiles
 b - 39 stones
Armour
 a - a +0 robe
 i - the +6 scale mail of Lair (worn) {rElec}
   (You found it on level 2 of the Dungeon)

   rElec:     It insulates you from electricity.
Magical Staves
 j - a staff of cold
Jewellery
 e - a ring of resist corrosion
 g - a ring of flight (left hand)
Scrolls
 f - 2 scrolls of immolation
 k - a scroll of teleportation {unknown}
 l - a scroll of enchant weapon {unknown}
 m - a scroll of silence {unknown}
 n - a scroll of amnesia {unknown}


   Skills:
 - Level 1.5 Dodging
 - Level 1.5 Stealth
 - Level 3.0 Spellcasting
 + Level 6.0 Necromancy


You had one spell level left.
You knew the following spells:

 Your Spells              Type           Power      Damage    Failure   Level
a - Necrotise             Necr           100%       1d9       10%         1
b - Vampiric Draining     Necr           32%        2d8       28%         3
c - Animate Dead          Necr           32%        N/A       67%         4

Your spell library contained the following spells:

 Spells                   Type           Power      Damage    Failure   Level
 Magic Dart               Conj           8%         1d3       75%         1
 Blink                    Tloc           4%         N/A       87%         2
 Call Imp                 Summ           4%         N/A       87%         2
 Agony                    Necr           32%        N/A       95%         5


Dungeon Overview and Level Annotations

Branches:
Dungeon (4/15)
 Temple: D:4-7

Altars:
Dithmenos

Annotations:
D:4 Natasha


Innate Abilities, Weirdness & Mutations

You are immune to poison.
Your flesh is cold resistant. (rC+)
You are immune to negative energy. (rN+++)
You are immune to unholy pain and torment.
You are vulnerable to heat. (rF-)
You are in touch with the powers of death.
You do not drink.
You have a special connection with the divine. (Faith)


Message History

The goblin dies!
A jelly comes into view.
A goblin comes into view. It is wielding a +0 dagger.
Aiming: Necrotise (safe; 10% risk of failure)
Press: ? - help, Q - select action, (/) - cycle Shift-Dir - straight line, f - ogre
Aim: an ogre, wielding a +0 giant spiked club (chance to affect: 83%)
You feel a surge of power!
The ogre writhes in agony!
The jelly barely misses your ball python skeleton.
Your goblin skeleton hits the jelly.
Your goblin skeleton is burned by acid!
Your goblin skeleton is destroyed!
Your ball python skeleton bites the jelly.
Your ball python skeleton is burned by acid!
Your magical contamination has completely faded away.
You now have 3/8 mp.
Aiming: Necrotise (safe; 10% risk of failure)
Press: ? - help, Q - select action, (/) - cycle Shift-Dir - straight line, f/p - ogre
Aim: an ogre, wielding a +0 giant spiked club (moderately wounded, chance to affect: 83%)
You feel a surge of power!
The ogre writhes in agony.
A sleepcap comes into view.
Your ball python skeleton bites the jelly.
The acid corrodes your ball python skeleton!
Your ball python skeleton is burned by acid!
Your ball python skeleton is destroyed!
You now have 2/8 mp.
Reach: h) +0 spear (venom)
Press: ? - help, Dir - move target, f/p - ogre
Aim: an ogre, wielding a +0 giant spiked club (moderately wounded, about 26% to evade your +0 spear of venom)
You reach to attack!
You hit the ogre but do no damage.
The ogre is poisoned.
The ogre is moderately wounded.
The ogre hits you with a +0 giant spiked club!
Ouch! That really hurt!
You fly upwards.
There is a stone staircase leading down here.
You take 16 damage, and have 14/30 hp.
MASSIVE DAMAGE!!
You hit the ogre.
The ogre looks as sick as possible!
You punch the ogre.
The ogre is severely wounded.
The ogre hits you with a +0 giant spiked club!!
Ouch! That really hurt!
You die...

#.# #....... #.# #.###### #.#
#.# # #.# #.# # #.# #.# # #.#
###########.###### #.#
#........#........ #.#
#........#........
#.##########@O......#........
#.....>.............'........
######..............#........
#).............'........
#.....#........#........
##.....#........#........
#.....####'######........
#................#+#.#...
#......%...#####.#.#.#...


You could see an ogre (extremely poisoned).

Vanquished Creatures
  An orc wizard (D:2)
  3 adders
  A dart slug (D:2)
  3 orcs (D:3)
  5 bats
  4 endoplasms
  A giant cockroach (D:3)
  6 goblins
  7 hobgoblins
  5 kobolds
  6 quokkas
  4 ball pythons
  3 frilled lizards
  5 rats
54 creatures vanquished.

Vanquished Creatures (collateral kills)
  A goblin (D:4)
  A rat (D:1)
2 creatures vanquished.

Grand Total: 56 creatures vanquished

Notes
Turn   | Place    | Note
-------+----------+-------------------------------------------
     0 | D:1      | jasper the Mummy Necromancer began the quest for the Orb.
     0 | D:1      | Reached XP level 1. HP: 13/13 MP: 4/4
   209 | D:1      | Reached XP level 2. HP: 19/19 MP: 3/6
   559 | D:1      | You fall into a shaft and drop 1 floor!
   641 | D:2      | Reached XP level 3. HP: 22/24 MP: 2/7
   645 | D:2      | Learned a level 3 spell: Vampiric Draining
   752 | D:2      | Reached skill level 5 in Necromancy
   831 | D:2      | Identified the +6 scale mail of Lair {rElec}
  1587 | D:2      | Reached XP level 4. HP: 26/30 MP: 8/8
  1917 | D:3      | Learned a level 4 spell: Animate Dead
  2010 | D:3      | Reached skill level 6 in Necromancy
  2201 | D:3      | Found a shadowy altar of Dithmenos.
  2675 | D:4      | Noticed Natasha
  2675 | D:4      | Noticed a black bear
  2675 | D:4      | Noticed a phantom
  2733 | D:4      | Noticed an ogre
  2742 | D:3      | Demolished by an ogre

Illustrated notes

Levels and vault maps discovered:
D:1:      co_arrival_hall_of_pillars, layout_basic
D:2:      layout_basic, nicolae_kite_square_tiling_tiny, serial_bayou_lake_a
D:3:      layout_basic, grunt_dithmenos_smoke_and_mirrors, nrook_mini_backslash
D:4:      layout_cave_pools, minitemple, uniq_natasha

Skill      XL: |  1  2  3  4 |
---------------+-------------+-----
Spellcasting   | 3 |  3.0
Necromancy     | 5 6 |  6.0
Dodging        | |  1.5
Stealth        | |  1.5

Action                     |  1- 3 |  4- 6 || total
---------------------------+-------+-------++-------
  Melee: Spear             |    11 |    10 ||    21
         Punch             |       |     1 ||     1
  Throw: Stone             |     1 |       ||     1
   Cast: Necrotise         |    57 |    27 ||    84
    Use: Scroll            |     3 |       ||     3
 Armour: Robe              |     1 |       ||     1
         Scale mail        |    13 |     8 ||    21
  Dodge: Dodged            |     7 |     3 ||    10

Table legend: (Time is in decaauts)
 A = Elapsed time spent in this place.
 B = Non-inter-level travel time spent in this place.
 C = Inter-level travel time spent in this place.
 D = Time resting spent in this place.
 E = Time spent auto-exploring this place.
 F = Levels seen in this place.
 G = Mean time per level.
                   A        B        C        D        E       F      G
               +--------+--------+--------+--------+--------+-----+--------+
         Total |   2744 |   2570 |    174 |     13 |   2161 |   4 |  686.0 |
       Dungeon |   2744 |   2570 |    174 |     13 |   2161 |   4 |  686.0 |
               +--------+--------+--------+--------+--------+-----+--------+

Top non-repeatable levels by time:
     D:3: 1092 daAuts
     D:2: 912 daAuts
     D:1: 723 daAuts
     D:4: 15 daAuts
